 Dungeon Crawl Stone Soup version 0.25.0-37-gb73750e0fb (webtiles) character file.

Game seed: 5318644761762699959

16548 wojtek the Protected (level 12, -3/108 HPs)
             Began as a Minotaur Fighter on July 9, 2020.
             Was an Elder of Makhleb.
             Engulfed by a cloud of freezing vapour (23 damage)
             ... in an ice cave.
             The game lasted 00:19:30 (14359 turns).

wojtek the Protected (Minotaur Fighter)            Turns: 14359, Time: 00:19:30

Health: -3/108     AC: 15    Str: 25    XL:     12   Next: 11%
Magic:  18/18      EV: 13    Int:  5    God:    Makhleb [****..]
Gold:   512        SH: 12    Dex: 11    Spells: 11/11 levels left

rFire    . . .     SeeInvis .   E - +0 war axe (pain)
rCold    . . .     Gourm    .   c - +0 kite shield
rNeg     . . .     Faith    .   b - +0 scale mail
rPois    +         Spirit   .   w - +0 hat
rElec    .         Reflect  .   D - +2 cloak {rCorr}
rCorr    +         Harm     .   d - +0 pair of gloves
MR       .....                  O - +0 pair of boots
Stlth    ..........             G - amulet of the acrobat
HPRegen  0.28/turn              (no ring)
MPRegen  0.16/turn              u - ring of poison resistance

@: no status effects
A: retaliatory headbutt, horns 2
a: Minor Destruction, Lesser Servant of Makhleb, Major Destruction, Renounce
Religion


You were in an ice cave.
You worshipped Makhleb.
Makhleb was greatly pleased with you.
You were not hungry.

You visited 3 branches of the dungeon, and saw 13 of its levels.
You also visited: Sewer, Bailey and Ice Cave.

You collected 512 gold pieces.

Inventory:

Hand Weapons
 a - a +0 war axe
 m - a +0 broad axe
 B - a +0 hand axe of freezing
 E - a +0 war axe of pain (weapon)
 H - a +1 whip of electrocution
 K - a +3 hand axe
Missiles
 o - 77 poisoned darts (quivered)
 J - 11 atropa-tipped darts
Armour
 b - a +0 scale mail (worn)
 c - a +0 kite shield (worn)
 d - a +0 pair of gloves (worn)
 w - a +0 hat (worn)
 y - a +2 ring mail of poison resistance
 D - a +2 cloak of preservation (worn)
 O - a +0 pair of boots (worn)
Jewellery
 h - an uncursed amulet of regeneration
 u - a ring of poison resistance (right hand)
 G - an amulet of the acrobat (around neck)
Scrolls
 e - 2 scrolls of magic mapping
 k - 7 scrolls of identify
 l - 2 scrolls of enchant armour {unknown}
 n - a scroll of fog {unknown}
 q - 2 scrolls of enchant weapon {unknown}
 r - 8 scrolls of remove curse
 s - 2 scrolls of teleportation {unknown}
 v - 3 scrolls of amnesia {unknown}
 I - a scroll of immolation {unknown}
 L - a scroll of acquirement
 N - a scroll of noise {unknown}
 P - a scroll of brand weapon {unknown}
Potions
 g - 3 potions of haste {unknown}
 j - a potion of degeneration {unknown}
 p - 2 potions of might
 t - 11 potions of heal wounds {unknown}
 x - 3 potions of brilliance {unknown}
 z - 3 potions of curing {unknown}
 A - a potion of flight {unknown}
 C - a potion of stabbing {unknown}
 F - a potion of invisibility {unknown}
 M - a potion of lignification {unknown}
Comestibles
 f - 26 rations
 i - 2 chunks of flesh


   Skills:
 + Level 10.7 Fighting
 - Level 7.0 Axes
 + Level 10.8 Armour
 + Level 7.2 Dodging
 + Level 10.8 Shields
 * Level 9.5 Invocations
   Level 3.3 Evocations


You had 11 spell levels left.
You didn't know any spells.
Your spell library contained the following spells:

 Spells                   Type           Power        Failure   Level  Hunger
 Magic Dart               Conj           #...         88%         1    ##.....
 Searing Ray              Conj           #.....       95%         2    ###....
 Dazzling Flash           Conj/Hex       #.....       99%         3    ####...
 Fulminant Prism          Conj/Hex       #.........   100%        4    #####..
 Iskenderun's Mystic Bla  Conj/Tloc      #.......     100%        4    #####..


Dungeon Overview and Level Annotations

Branches:
Dungeon (9/15)             Temple (1/1) D:5            Lair (3/6) D:9
  Swamp (0/4) Lair:2        Sewer (visited)          Bailey (visited)
  IceCv (1/1)
  Snake: Lair:2-4    Spider: Lair:2-4       Orc: D:9-12

Altars:
Ashenzari
Cheibriados
Dithmenos
Elyvilon
Fedhas
Gozag
Hepliaklqana
Kikubaaqudgha
Makhleb
Nemelex Xobeh
Okawaru
Qazlal
Ru
Sif Muna
Trog
Uskayaw
Vehumet
Wu Jian
Xom
Yredelemnul
Zin
The Shining One

Shops:
D:7 (

Annotations:
D:8 Gastronok


Innate Abilities, Weirdness & Mutations

You reflexively headbutt those who attack you in melee.
You have a pair of horns on your head.


Message History

The polar bear is lightly wounded.
You block the polar bear's attack. The polar bear claws you.
* * * LOW HITPOINT WARNING * * *
The polar bear claws you.
* * * LOW HITPOINT WARNING * * *
Unknown command.
Unknown command.
Your shield and scale mail prevent you from hitting the polar bear.
You headbutt the polar bear, but do no damage.
The polar bear is lightly wounded.
You block the polar bear's attack. The polar bear closely misses you.
The polar bear misses you. The polar bear closely misses you.
You block the polar bear's attack. The polar bear claws you.
* * * LOW HITPOINT WARNING * * *
Unknown command.
Unknown command.
You barely miss the polar bear.
The polar bear is lightly wounded.
You are engulfed in freezing vapours.
You die...

#### #..#######
#.∩....#.## ####
##..∩.....### ###...#
###........###.#.....
####.###.☼#§#§..# ###
##☼§☼§§# ##☼§h##
##@## ###


You could see a polar bear.

Vanquished Creatures
  An orc high priest (Bailey)
  Pikel (D:4)
  An orc knight (Bailey)
  An elephant (D:9)
  A black mamba (Lair:3)
  A spiny frog (Lair:1)
  A komodo dragon (Lair:2)
  A kobold demonologist (Bailey)
  A rime drake (Lair:1)
  2 polar bears (IceCv)
  2 trolls
  3 hippogriffs
  3 basilisks
  Eustachio (D:5)
  24 yaks
  2 hungry ghosts
  5 water moccasins
  2 porcupines
  4 black bears
  Purgy (Sewer)
  An ice beast (D:6)
  13 orc warriors
  2 sky beasts
  A slave (D:4)
  8 ogres
  3 centaurs
  5 wolves
  5 crocodiles
  Blork the orc (D:5)
  A big kobold (D:8)
  A gnoll sergeant (D:6)
  8 bullfrogs
  2 scorpions
  3 electric eels (Bailey)
  2 howler monkeys (D:6)
  A bullfrog zombie (D:5)
  7 crimson imps
  5 hounds
  2 quasits
  8 orc wizards
  Crazy Yiuf (D:5)
  8 orc priests
  3 bullfrog skeletons
  A centaur skeleton (D:6)
  4 iguanas
  3 worker ants
  27 gnolls
  A howler monkey skeleton (D:8)
  22 adders
  A river rat (D:3)
  A shadow imp (D:6)
  12 white imps (Lair:3)
  An ooze (D:4)
  An adder zombie (D:8)
  An adder skeleton (D:6)
  6 worms (D:3)
  3 leopard geckos
  30 orcs
  21 bats
  9 giant cockroaches
  21 goblins
  10 hobgoblins
  13 jackals
  4 quokkas
  11 frilled lizards
  16 kobolds
  A quokka skeleton (D:9)
  7 rats
376 creatures vanquished.

Vanquished Creatures (collateral kills)
  A hydra (Lair:1)
  A spiny frog (Lair:1)
2 creatures vanquished.

Vanquished Creatures (others)
  A polar bear (IceCv)
  2 wolves (IceCv)
3 creatures vanquished.

Grand Total: 381 creatures vanquished

Notes
Turn   | Place    | Note
-------+----------+-------------------------------------------
     0 | D:1      | wojtek the Minotaur Fighter began the quest for the Orb.
     0 | D:1      | Reached XP level 1. HP: 19/19 MP: 0/0
    80 | D:1      | Reached XP level 2. HP: 26/26 MP: 1/1
   305 | D:1      | Reached XP level 3. HP: 25/31 MP: 2/2
   652 | D:2      | Reached skill level 5 in Axes
   824 | D:2      | Reached XP level 4. HP: 36/39 MP: 3/3
  1044 | D:2      | Found a stormy altar of Qazlal.
  1653 | D:2      | Found a faded altar of an unknown god.
  1890 | D:2      | Reached XP level 5. HP: 44/45 MP: 4/4
  2240 | D:3      | Found a glowing drain.
  2245 | Sewer    | Entered a sewer
  2365 | Sewer    | Noticed Purgy
  2398 | Sewer    | Killed Purgy
  2398 | Sewer    | Reached XP level 6. HP: 11/52 MP: 5/5
  3673 | D:3      | Noticed a sky beast
  3724 | D:3      | Killed a sky beast
  3724 | D:3      | Reached skill level 5 in Armour
  4106 | D:3      | Reached XP level 7. HP: 55/60 MP: 6/6
  4326 | D:3      | Reached skill level 5 in Shields
  4341 | D:3      | Reached skill level 5 in Fighting
  4789 | D:4      | Got a faintly glowing ring mail
  5152 | D:5      | Entered Level 5 of the Dungeon
  5212 | D:5      | Found a staircase to the Ecumenical Temple.
  5224 | D:5      | Noticed Pikel
  5225 | D:5      | Noticed Eustachio
  5308 | D:4      | Killed Pikel
  5308 | D:4      | Reached XP level 8. HP: 71/73 MP: 7/7
  5329 | D:5      | Killed Eustachio
  5347 | Temple   | Entered the Ecumenical Temple
  5609 | Temple   | Identified the +0 ring mail of Serendipity {*Slow +Fly
                  | rPois Dex+6} (You found it on level 4 of the Dungeon)
  5629 | Temple   | Became a worshipper of Makhleb the Destroyer
  5724 | D:5      | Noticed Blork the orc
  5738 | D:5      | Killed Blork the orc
  5740 | D:5      | Reached skill level 1 in Invocations
  5798 | D:5      | Reached skill level 1 in Dodging
  6020 | D:5      | Reached skill level 1 in Evocations
  6166 | D:5      | Reached XP level 9. HP: 78/79 MP: 9/9
  6176 | D:5      | Found a shimmering altar of Xom.
  6442 | D:5      | Found a runed translucent door.
  6443 | D:5      | Noticed Crazy Yiuf
  6567 | D:5      | Killed Crazy Yiuf
  6993 | D:6      | Reached * piety under Makhleb
  7402 | D:6      | Found a blossoming altar of Fedhas.
  7790 | D:7      | Found Medwi's Weapon Shop.
  7833 | D:7      | Found a flagged portal.
  7839 | Bailey   | Entered a bailey
  8206 | Bailey   | Found an iron altar of Okawaru.
  8206 | Bailey   | Noticed an orc high priest
  8206 | Bailey   | Noticed a kobold demonologist
  8213 | Bailey   | Noticed a red devil
  8218 | Bailey   | Noticed a rust devil
  8225 | Bailey   | Killed a kobold demonologist
  8230 | Bailey   | Killed an orc high priest
  8230 | Bailey   | Reached skill level 5 in Invocations
  8230 | Bailey   | Reached XP level 10. HP: 26/90 MP: 12/12
  8632 | Bailey   | Noticed an orc knight
  8642 | Bailey   | Killed an orc knight
  8859 | Bailey   | Reached ** piety under Makhleb
 10050 | D:8      | Noticed Gastronok
 10401 | D:8      | Reached skill level 5 in Dodging
 10477 | D:8      | Reached *** piety under Makhleb
 10902 | D:9      | Reached XP level 11. HP: 97/97 MP: 15/15
 11129 | D:9      | Found a staircase to the Lair.
 11599 | D:9      | Reached **** piety under Makhleb
 12007 | D:9      | Reached skill level 10 in Armour
 12102 | Lair:1   | Entered Level 1 of the Lair of Beasts
 12111 | Lair:1   | You fall into a shaft and drop 1 floor!
 12295 | Lair:1   | Reached skill level 10 in Shields
 12441 | Lair:1   | Reached skill level 10 in Fighting
 12651 | Lair:1   | Noticed a six-headed hydra
 12671 | Lair:1   | Killed a six-headed hydra
 14045 | Lair:2   | Found a staircase to the Swamp.
 14272 | Lair:3   | Found a frozen archway.
 14276 | Lair:3   | Reached XP level 12. HP: 94/108 MP: 16/18
 14317 | IceCv    | Entered an ice cave
 14359 | IceCv    | Engulfed by a cloud of freezing vapour

Illustrated notes

Levels and vault maps discovered:
D:1:      nzn_arrival_water_spiral, layout_rooms
D:2:      layout_basic, first_ration, chequers_ecumenical_altar_simple,
          grunt_qazlal_clouds
D:3:      layout_basic, lightli_sewer_entry_pipes
D:4:      layout_cave_pools, st_stairs_2
D:5:      layout_gridville, minmay_temple_entry_wispy,
          chequers_serial_rivers_marsh, led_xom_imps, uniq_blork_the_orc,
          uniq_pikel, uniq_crazy_yiuf_cottage, uniq_eustachio
D:6:      layout_cave_pools, fedhas_altar_2
D:7:      layout_basic, serial_shops, shop, enter_bailey_3
D:8:      layout_layer_cave, uniq_gastronok
D:9:      layout_gridville, david_lair_generic, grunt_ogre_cave
Temple:   roderic_octagonal_lattice_temple
Lair:1:   layout_long_grid, minmay_stone_trees_small, minivault_27
Lair:2:   layout_hall_layers, minmay_swamp_entry_worms,
          ebering_ghost_disaster_area, beast_lair_carwin_1,
          infiniplex_staircase_pool_2, serial_bayou_shore_a
Lair:3:   layout_concentric_octagons, portal_ice_cave_entry_imps,
          grunt_megastairs_1
IceCv:    ice_cave_caverns_02

Skill      XL: |  1  2  3  4  5  6  7  8  9 10 11 |
---------------+----------------------------------+-----
Axes           | 3 4 5 6 7 |  7.0
Fighting       | 4 7 8 9 10 | 10.7
Armour         | 4 5 7 8 9 10 | 10.8
Shields        | 4 7 8 9 10 | 10.8
Invocations    | 2 5 7 9 |  9.5
Dodging        | 1 3 5 7 |  7.2
Evocations     | 1 3 |  3.3

Action                   |  1- 3 |  4- 6 |  7- 9 | 10-12 || total
-------------------------+-------+-------+-------+-------++-------
Melee: War axe           |    75 |   192 |   130 |   602 ||   999
       Headbutt          |     8 |    21 |    50 |   113 ||   192
       Hand axe          |       |       |   208 |       ||   208
Throw: Throwing net      |       |       |       |     1 ||     1
Invok: Lesser Servant of |       |       |       |     7 ||     7
Evoke: Wand              |       |       |     5 |    13 ||    18
  Use: Potion            |       |     1 |       |       ||     1
       Scroll            |       |       |     3 |     1 ||     4
 Stab: Invisible         |       |       |     2 |       ||     2
       Distracted        |       |       |       |     1 ||     1
  Eat: Chunk             |       |    10 |    10 |    24 ||    44
       Ration            |       |       |     2 |       ||     2
Armor: Scale mail        |    42 |   100 |   177 |   248 ||   567
Dodge: Dodged            |    31 |    58 |   127 |   299 ||   515
Block: Kite shield       |    35 |   120 |   222 |   457 ||   834
